 Dungeon Crawl Stone Soup version 0.20-a0-443-g0464b71 (webtiles) character file.

57 Amnesiac the Vexing (level 3, 0/24 HPs)
             Began as a Mummy Enchanter on Jan 6, 2017.
             Slain by a leopard gecko (3 damage)
             ... on level 3 of the Dungeon.
             The game lasted 00:02:56 (1059 turns).

Amnesiac the Vexing (Mummy Enchanter)               Turns: 1059, Time: 00:02:57

Health: 0/24       AC:  5    Str: 11    XL:     3   Next: 73%
Magic:  1/7        EV: 11    Int: 14    God:
Gold:   94         SH:  0    Dex: 13    Spells: 2/8 levels left

rFire  x . .     SeeInvis .     a - +1 dagger
rCold  + . .     Gourm    .     h - +0 ring mail
rNeg   + + +     Faith    .     (no shield)
rPois  ∞         Spirit   .     (no helmet)
rElec  .         Reflect  .     (no cloak)
rCorr  .         Harm     .     (no gloves)
MR     .....                    (no boots)
Stlth  +.........               (no amulet)
                                (no ring)
                                m - ring of flight

@: very slightly contaminated
A: no food or potions, fire vulnerability, cold resistance 1, negative energy
resistance 3, torment resistance, unbreathing
a: Evoke Flight


You were on level 3 of the Dungeon.
You were not hungry.

You visited 1 branch of the dungeon, and saw 4 of its levels.

You collected 94 gold pieces.

Inventory:

Hand Weapons
 a - a +1 dagger (weapon)
 i - a +0 falchion
 k - a +0 long sword
Armour
 b - a +0 robe
 h - a +0 ring mail (worn)
Jewellery
 m - a ring of flight (left hand)
Scrolls
 d - a scroll of enchant armour {unknown}
 e - 2 scrolls of recharging {unknown}
 f - a scroll of teleportation {unknown}
 g - 2 scrolls of identify {unknown}
 j - a scroll of fear {unknown}
 l - a scroll of remove curse {unknown}
Books
 c - a book of Maledictions

   Spells                             Type                      Level
   a - Corona                         Hexes                        1
   b - Ensorcelled Hibernation        Hexes/Ice                    2
   c - Confuse                        Hexes                        3
   d - Tukima's Dance                 Hexes                        3
   e - Dazzling Spray                 Conjuration/Hexes            3


   Skills:
 + Level 1.2 Short Blades
 + Level 2.1 Dodging
 + Level 2.6 Stealth
 + Level 3.2 Spellcasting
 * Level 3.3 Hexes


You had 2 spell levels left.
You knew the following spells:

 Your Spells              Type           Power        Failure   Level  Hunger
e - Confuse               Hex            ##......     38%         3    N/A
f - Corona                Hex            ##.....      14%         1    N/A
z - Ensorcelled Hibernat  Hex/Ice        #.....       47%         2    N/A

Dungeon Overview and Level Annotations

Branches:
Dungeon (4/15)
 Temple: D:4-7

Altars:

Portals:
Sewer: D:3

Annotations:
D:4 exclusion: skeleton


Innate Abilities, Weirdness & Mutations

You do not eat or drink.
Your flesh is vulnerable to fire.
You are immune to poison.
Your flesh is cold resistant. (rC+)
You are immune to negative energy. (rN+++)
You are immune to unholy pain and torment.
You can survive without breathing.


Message History

You hit the leopard gecko.
The leopard gecko is heavily wounded.
The leopard gecko bites you.
The leopard gecko splashes around in the water.
The leopard gecko closely misses you.
You hit the leopard gecko but do no damage.
The leopard gecko is heavily wounded.
The leopard gecko bites you.
* * * LOW HITPOINT WARNING * * *
The leopard gecko bites you.
* * * LOW HITPOINT WARNING * * *
The leopard gecko bites you.
* * * LOW HITPOINT WARNING * * *
You closely miss the leopard gecko.
The leopard gecko is heavily wounded.
The leopard gecko closely misses you. The leopard gecko barely misses you.
Your ring mail prevents you from hitting the leopard gecko.
The leopard gecko is heavily wounded.
The leopard gecko bites you.
You die...

......................<....#..<..
..........................####...
...........................÷.....
........≈#########........######.
.......≈.≈..≈≈≈≈.##.......# #.
.......#≈≈≈≈≈≈≈≈.≈#.......# #.
.......#########..#.......######.
........##≈≈≈≈≈≈l.#..............
######.##.≈≈.∩.l@#####.##########
#.#..≈≈≈≈≈≈##...#.#######.
#.#..#########............ #.#
≈≈≈≈≈.≈##.#.######## #####.##
≈≈≈≈.≈≈..#.........
#......########....###########
#...............[.........
#......########....#######
#......# #....#


You could see 2 leopard geckos.

Vanquished Creatures
  A worker ant (D:4)
  An adder (D:3)
  2 dart slugs
  2 bats (D:2)
  5 giant cockroaches (D:3)
  3 goblins
  2 hobgoblins
  2 frilled lizards
  3 rats
21 creatures vanquished.

Notes
Turn   | Place    | Note
-------+----------+-------------------------------------------
     0 | D:1      | Amnesiac the Mummy Enchanter began the quest for the Orb.
     0 | D:1      | Reached XP level 1. HP: 13/13 MP: 4/4
   103 | D:2      | Reached XP level 2. HP: 19/19 MP: 5/5
   107 | D:2      | Learned a level 2 spell: Ensorcelled Hibernation
   610 | D:4      | Reached skill level 1 in Short Blades
   610 | D:4      | Reached XP level 3. HP: 18/24 MP: 1/7
   898 | D:3      | Learned a level 3 spell: Confuse
  1026 | D:3      | Found a glowing drain.
  1059 | D:3      | Slain by a leopard gecko

Vault maps used:
D:1:      minmay_arrival_loop
D:3:      gup_sewer_entry_pipe, first_bread

Skill      XL: |  1  2 |
---------------+-------+-----
Short Blades   | 1 |  1.2
Dodging        | 2 |  2.1
Spellcasting   | 3 |  3.2
Hexes          | 3 |  3.3
Stealth        | |  2.6

Action                   || total
-------------------------++-------
Melee: Dagger            ||    66
 Cast: Corona            ||     1
       Ensorcelled Hiber ||    12
 Stab: Sleeping          ||    15
Armor: Robe              ||     5
       Ring mail         ||    16
Dodge: Dodged            ||    29
